 Dungeon Crawl Stone Soup version 0.21-a0-348-ga060c75 (webtiles) character file.

13976 4thArraOfDagon the Covert (level 11, -9/56 HPs)
             Began as a Spriggan Air Elementalist on Oct 6, 2017.
             Was an Elder of Dithmenos.
             Mangled by an emperor scorpion (16 damage)
             ... on level 15 of the Dungeon.
             The game lasted 00:46:34 (7864 turns).

4thArraOfDagon the Covert (SpAE)                    Turns: 7864, Time: 00:46:35

Health: -9/56      AC:  5    Str:  4    XL:     11   Next: 82%
Magic:  5/16       EV: 26    Int: 20    God:    Dithmenos [****..]
Gold:   566        SH:  0    Dex: 17    Spells: 0/15 levels left

rFire    . . .     SeeInvis +   q - +1 rapier
rCold    + . .     Gourm    .   (shield restricted)
rNeg     . . .     Faith    .   I - +1 robe {MR+}
rPois    .         Spirit   .   (helmet restricted)
rElec    .         Reflect  .   d - +1 cloak
rCorr    .         Harm     .   (gloves unavailable)
MR       +++..                  (boots unavailable)
Stlth    +++++++...             p - amulet of regeneration
HPRegen  0.58/turn              k - ring of protection from magic
MPRegen  0.15/turn              o - ring of protection from cold

@: about to teleport, wreathed by umbra, very quick
A: unfitting armour, see invisible, herbivore 3, speed 3, slow metabolism 2
a: Shadow Step, Renounce Religion


You were on level 15 of the Dungeon.
You worshipped Dithmenos.
Dithmenos was greatly pleased with you.
You were not hungry.

You visited 2 branches of the dungeon, and saw 16 of its levels.
You also visited: Labyrinth and Sewer.

You collected 709 gold pieces.
You spent 143 gold pieces at shops.

Inventory:

Hand Weapons
 h - a +2 falchion of slicing
 q - a +1 rapier (weapon)
 L - the +9 staff of Wucad Mu {channel}
   (You found it on level 10 of the Dungeon)
 X - a +0 blowgun
Missiles
 f - 3 throwing nets
 j - 5 tomahawks of returning (quivered)
 Y - 10 curare-tipped needles
Armour
 d - a +1 cloak (worn)
 I - a +1 robe of magic resistance (worn)
Magical Staves
 M - an uncursed staff of air
Jewellery
 k - a ring of protection from magic (left hand)
 o - a ring of protection from cold (right hand)
 p - an amulet of regeneration (around neck)
 G - an uncursed ring of fire
 K - an uncursed amulet of guardian spirit {unknown}
 T - the amulet "Elouc" {Gourm rElec rC+ Slay+2 SInv, unknown}
   (You found it in a labyrinth)

   [amulet of the gourmand]

   It allows you to eat raw meat even when not hungry.
   It affects your accuracy and damage with ranged weapons and melee attacks
   (+2).
   It protects you from cold.
   It insulates you from electricity.
   It lets you see invisible.
 U - an uncursed ring of protection from fire {unknown}
Wands
 i - a wand of acid (0/15)
 H - a wand of scattershot (4/9)
 O - a wand of lightning (5/15)
 S - a wand of acid (4/15)
 V - a wand of digging (12/24)
Scrolls
 a - a scroll of torment {unknown}
 s - a scroll of blinking {unknown}
 t - 4 scrolls of teleportation
 v - 4 scrolls of immolation {unknown}
 w - a scroll of noise {unknown}
 y - a scroll of recharging {unknown}
 z - 2 scrolls of remove curse
 A - a scroll of random uselessness {unknown}
 C - a scroll of enchant weapon
 F - a scroll of magic mapping {unknown}
 W - 2 scrolls of fear {unknown}
 Z - 2 scrolls of amnesia {unknown}
Potions
 l - 2 potions of ambrosia {unknown}
 m - 3 potions of flight
 n - a potion of degeneration {unknown}
 r - 4 potions of curing
 u - 2 potions of haste
 B - a potion of might
 D - 2 potions of brilliance
 E - a potion of berserk rage {unknown}
 Q - a potion of heal wounds {unknown}
Books
 b - a book of Air

   Spells                             Type                      Level
   a - Shock                          Conjuration/Air              1
   b - Swiftness                      Charms/Air                   2
   c - Static Discharge               Conjuration/Air              3
   d - Airstrike                      Air                          4
   e - Lightning Bolt                 Conjuration/Air              5
 x - a book of Conjurations

   Spells                             Type                      Level
   a - Magic Dart                     Conjuration                  1
   b - Searing Ray                    Conjuration                  2
   c - Dazzling Spray                 Conjuration/Hexes            3
   d - Fulminant Prism                Conjuration/Hexes            4
   e - Force Lance                    Conjuration/Translocation    4
   f - Iskenderun's Mystic Blast      Conjuration                  4
 J - the Compendium of Creative Conjuration
   (You found it on level 10 of the Dungeon)

   Spells                             Type                      Level
   a - Magic Dart                     Conjuration                  1
   b - Summon Small Mammal            Summoning                    1
   c - Searing Ray                    Conjuration                  2
   d - Fireball                       Conjuration/Fire             5
   e - Venom Bolt                     Conjuration/Poison           5
Miscellaneous
 N - a box of beasts
Comestibles
 c - 6 bread rations
 R - 3 fruits


   Skills:
 + Level 5.2 Fighting
 * Level 10.8 Short Blades
 + Level 10.5 Dodging
 + Level 11.3 Stealth
 - Level 2.6 Spellcasting
 - Level 3.1 Conjurations
 * Level 8.7 Hexes
 * Level 4.7 Air Magic
 + Level 6.3 Invocations


You couldn't memorise any spells.
You knew the following spells:

 Your Spells              Type           Power        Failure   Level  Hunger
a - Shock                 Conj/Air       ###.         3%          1    None
b - Swiftness             Chrm/Air       ##......     9%          2    ##.....
c - Static Discharge      Conj/Air       ###.....     9%          3    ###....
d - Dazzling Spray        Conj/Hex       ####..       3%          3    ###....
e - Animate Skeleton      Necr           N/A          14%         1    None
f - Apportation           Tloc           #.....       14%         1    None
g - Airstrike             Air            ###.......   21%         4    ####...


Dungeon Overview and Level Annotations

Branches:
Dungeon (14/15)            Temple (1/1) D:6          Vaults (0/5) D:14
 Depths (0/5) D:15
   Lair: D:8-11         Orc: D:9-12

Altars:
Ashenzari
Cheibriados
Dithmenos
Hepliaklqana
Kikubaaqudgha
Makhleb
Nemelex Xobeh
Qazlal
Ru
Vehumet
Wu Jian
Zin
The Shining One

Shops:
D:7 }?*

Annotations:
D:3 4thArraOfDagon's ghost, weakling HOEn
D:8 Erica
D:12 Harold
D:14 Nessos; Urug


Innate Abilities, Weirdness & Mutations

You are very small and have problems with some larger weapons.
You are too small for most types of armour.
You have supernaturally acute eyesight. (SInv)
You are a herbivore.
You cover ground extremely quickly.
You need consume almost no food.


Message History

* * * LOW HITPOINT WARNING * * *
The emperor scorpion completely misses you.
The emperor scorpion claws you.
* * * LOW HITPOINT WARNING * * *
The emperor scorpion completely misses you.
Unknown command.
Okay, then.
Unknown command.
Okay, then.
Unknown command.
Aiming: Shadow Step
Press: ? - help, Dir - move target cursor, p - emperor scorpion There isn't a shadow there.
Okay, then.
Unknown command.
The emperor scorpion barely misses you.
The emperor scorpion claws you but does no damage.
The emperor scorpion completely misses you.
You feel better. The emperor scorpion stings you!
You die...

#N.# ≈.
... ..
#!####.#
#...#..#
#.≈.#.≈#
#......
#Y####.##
## #J.#
#@s# ####


You could see an emperor scorpion and a large slime creature.

Vanquished Creatures
  A minotaur (Lab)
  A centaur warrior (D:13)
  4 two-headed ogres
  Sonja (D:12)
  An unseen horror (D:10)
  An ugly thing (D:12)
  Maurice (D:11)
  2 gargoyles (D:13)
  A freezing wraith (D:10)
  A troll (D:13)
  A meliai zombie (D:14)
  A hippogriff (D:10)
  A wraith (D:14)
  A shadow (D:10)
  5 hungry ghosts
  2 yaks
  A human (D:14)
  2 water moccasins
  2 porcupines (D:8)
  A soldier ant (D:12)
  An orc warrior (D:13)
  5 phantoms
  A black bear (D:6)
  4 sky beasts
  An ice beast (D:10)
  An eye of draining (D:12)
  A necrophage (D:14)
  4 ogres
  6 centaurs
  3 big kobolds
  5 bullfrogs
  A wyvern zombie (D:10)
  A water moccasin skeleton (D:9)
  A scorpion (D:8)
  8 wights
  3 howler monkeys
  8 crimson imps
  A bullfrog zombie (D:6)
  7 hounds
  A centaur zombie (D:6)
  2 jellies
  2 centaur skeletons
  13 orc wizards
  A bullfrog skeleton (D:13)
  5 iguanas
  7 worker ants
  4 gnolls (D:6)
  5 river rats
  10 adders
  A hound simulacrum (D:10)
  4 shadow imps
  2 oozes (D:2)
  2 adder zombies (D:9)
  2 adder skeletons
  A worm (D:2)
  A dart slug (D:3)
  5 leopard geckos
  25 orcs
  A ball python (D:2)
  6 giant cockroaches
  3 goblins
  7 hobgoblins
  8 jackals
  3 quokkas
  3 bats
  7 frilled lizards
  18 kobolds
  A quokka skeleton (D:4)
  7 rats
250 creatures vanquished.

Vanquished Creatures (others)
  12 fungi (D:8)
  A plant (D:8)
13 creatures vanquished.

Grand Total: 263 creatures vanquished

Notes
Turn   | Place    | Note
-------+----------+-------------------------------------------
     0 | D:1      | 4thArraOfDagon the Spriggan Air Elementalist began the quest for the Orb.
     0 | D:1      | Reached XP level 1. HP: 9/9 MP: 5/5
   272 | D:1      | Reached XP level 2. HP: 13/13 MP: 1/6
   304 | D:1      | Reached skill level 1 in Short Blades
   451 | D:3      | Noticed 4thArraOfDagon's ghost (weakling HOEn)
   479 | D:3      | Reached XP level 3. HP: 12/16 MP: 4/8
   483 | D:3      | Found a sparkling altar of Nemelex Xobeh.
   569 | D:3      | Found a burning altar of Makhleb.
   569 | D:3      | Noticed an Executioner
   676 | D:4      | Noticed an ogre
   705 | D:4      | You fall through a shaft for 2 floors!
   717 | D:5      | Entered Level 5 of the Dungeon
   758 | D:5      | Noticed an ice beast
   786 | D:5      | Learned a level 2 spell: Swiftness
   856 | D:5      | Noticed an ice beast
   977 | D:5      | Learned a level 3 spell: Static Discharge
  1083 | D:5      | Noticed a scorpion
  1101 | D:5      | Found a glowing drain.
  1121 | D:5      | Reached skill level 4 in Stealth
  1152 | Sewer    | Entered a sewer
  1170 | Sewer    | Reached XP level 4. HP: 17/21 MP: 9/9
  1246 | Sewer    | Noticed a big kobold
  1336 | Sewer    | Killed a big kobold
  1336 | Sewer    | Reached XP level 5. HP: 19/24 MP: 0/10
  1400 | Sewer    | Found a white marble altar of Elyvilon.
  1523 | D:6      | Noticed a centaur
  1546 | D:6      | Killed a centaur
  1546 | D:6      | Reached skill level 5 in Dodging
  1546 | D:6      | Reached skill level 5 in Stealth
  1584 | D:6      | Reached XP level 6. HP: 27/28 MP: 11/11
  1623 | D:6      | Found a staircase to the Ecumenical Temple.
  1635 | Temple   | Entered the Ecumenical Temple
  1648 | Temple   | Became a worshipper of Dithmenos the Shadowed
  1825 | D:6      | Reached skill level 5 in Short Blades
  1825 | D:6      | Reached skill level 6 in Stealth
  1825 | D:6      | Reached skill level 1 in Invocations
  1840 | D:6      | Reached skill level 1 in Fighting
  1857 | D:6      | Reached XP level 7. HP: 31/33 MP: 5/12
  1963 | D:6      | Found a radiant altar of Vehumet.
  2321 | D:4      | Reached * piety under Dithmenos
  2395 | D:4      | Reached skill level 7 in Stealth
  2398 | D:4      | Reached XP level 8. HP: 22/39 MP: 1/13
  3264 | D:2      | Found a shadowy altar of Dithmenos.
  3417 | D:2      | Reached ** piety under Dithmenos
  3754 | D:4      | Reached skill level 8 in Stealth
  3886 | D:7      | Learned a level 3 spell: Dazzling Spray
  3922 | D:7      | Reached skill level 1 in Conjurations
  3922 | D:7      | Reached skill level 1 in Hexes
  3926 | D:7      | Reached XP level 9. HP: 40/43 MP: 11/14
  4102 | D:7      | Found Miga's General Store.
  4231 | D:7      | Found Qufrauq's Gadget Boutique.
  4250 | D:7      | Found Veidif's Magic Scroll Shop.
  4269 | D:7      | Bought a scroll of identify for 26 gold pieces
  4269 | D:7      | Bought a scroll of teleportation for 39 gold pieces
  4269 | D:7      | Bought a scroll of teleportation for 39 gold pieces
  4269 | D:7      | Bought a scroll of teleportation for 39 gold pieces
  4461 | D:8      | Noticed a two-headed ogre
  4512 | D:8      | Noticed a two-headed ogre
  4526 | D:8      | Killed a two-headed ogre
  4526 | D:8      | Reached skill level 9 in Stealth
  4528 | D:8      | Reached *** piety under Dithmenos
  4530 | D:8      | Noticed a two-headed ogre
  4541 | D:8      | Killed a two-headed ogre
  4653 | D:8      | Reached XP level 10. HP: 47/49 MP: 13/15
  4785 | D:8      | Reached skill level 5 in Hexes
  4874 | D:8      | Noticed a two-headed ogre
  4907 | D:8      | Killed a two-headed ogre
  4913 | D:8      | Noticed Erica
  4995 | D:9      | Found a shattered altar of Ashenzari.
  5151 | D:9      | Reached skill level 5 in Invocations
  5412 | D:9      | Reached **** piety under Dithmenos
  5539 | D:10     | Entered Level 10 of the Dungeon
  5555 | D:10     | Reached skill level 10 in Stealth
  5562 | D:10     | Learned a level 1 spell: Animate Skeleton
  5564 | D:10     | Learned a level 1 spell: Apportation
  5781 | D:10     | Noticed an unseen horror
  5819 | D:10     | Killed an unseen horror
  6402 | D:10     | Identified the Compendium of Creative Conjuration
  6403 | D:10     | Found the +9 staff of Wucad Mu {channel}
  6500 | D:10     | Reached skill level 10 in Short Blades
  6500 | D:10     | Reached XP level 11. HP: 54/54 MP: 16/16
  6710 | D:11     | Noticed Maurice
  6716 | D:11     | Killed Maurice
  6887 | D:11     | Found a labyrinth entrance.
  6891 | Lab      | Entered a labyrinth
  6940 | Lab      | Noticed a minotaur
  6945 | Lab      | Killed a minotaur
  6945 | Lab      | Reached skill level 10 in Dodging
  6947 | Lab      | Got a flickering crystal amulet
  6965 | D:12     | Noticed a purple ugly thing
  6969 | D:12     | Killed a purple ugly thing
  7011 | D:12     | Noticed Sonja
  7019 | D:12     | Killed Sonja
  7070 | D:13     | Noticed a two-headed ogre
  7078 | D:13     | Killed a two-headed ogre
  7078 | D:13     | Reached skill level 5 in Fighting
  7078 | D:13     | Reached skill level 11 in Stealth
  7283 | D:12     | Noticed Harold
  7300 | D:14     | Found a gate to the Vaults.
  7300 | D:14     | Noticed Nessos
  7300 | D:14     | Noticed Urug
  7300 | D:14     | Noticed a two-headed ogre
  7300 | D:14     | Noticed an unseen horror
  7530 | D:13     | Noticed a centaur warrior
  7547 | D:13     | Noticed a centaur warrior
  7554 | D:13     | Killed a centaur warrior
  7754 | D:14     | Learned a level 4 spell: Airstrike
  7857 | D:14     | You fall through a shaft!
  7857 | D:15     | Entered Level 15 of the Dungeon
  7857 | D:15     | Found a staircase to the Depths.
  7857 | D:15     | Noticed a dire elephant
  7857 | D:15     | Noticed an emperor scorpion
  7862 | D:15     | HP: 1/56 [emperor scorpion (4)]
  7864 | D:15     | Mangled by an emperor scorpion

Vault maps used:
D:1:      nzn_arrival_settlement, st_stairs_7, serial_bayou_pond_e,
          minmay_tromino_v4_b
D:2:      first_bread, grunt_dithmenos_smoke_and_mirrors
D:3:      nemelex_xobeh_ov_fountains_minmay, makhleb_altar_promises_db
D:4:      cheibrodos_thug_alley
D:5:      portal_sewer_entry_a
D:6:      minmay_temple_entry_overgrown, basic_altar
D:7:      serial_shops, shop, shop_coins, shop, st_stairs_7
D:8:      grunt_lair_entry_orc_guard_hut, grunt_ogre_cave, uniq_erica
D:9:      ashenzari_altar_1
D:10:     minmay_thick_lines, david_orc_2, serial_shops,
          nicolae_shop_behind_doors, minmay_the_grid_2x2
D:11:     lab_entry_generic, special_room, uniq_maurice
D:12:     uniq_snorg, uniq_harold, uniq_sonja
D:13:     uniq_azrael
D:14:     david_vaults_3, grunt_ministairs_11
D:15:     hangedman_depths_entry_try_elsewhere_first, basic_altar,
          roderic_serpentine_path
Temple:   compressed_dpeg_triangle_lava_temple
Lab:      labyrinth_skeletal_remains, nicolae_lab_starburst, nicolae_lab_swirl,
          nicolae_lab_flowing_pool, lab_statue, nicolae_lab_grate
Sewer:    sewer_kobolds

Skill      XL: |  1  2  3  4  5  6  7  8  9 10 11 |
---------------+----------------------------------+-----
Short Blades   | 1 2 3 4 5 6 7 8 10 | 10.8
Stealth        | 4 5 6 7 8 9 10 11 | 11.3
Dodging        | 4 5 6 7 8 9 10 | 10.5
Invocations    | 1 2 3 4 5 6 |  6.3
Fighting       | 1 2 3 4 5 |  5.2
Conjurations   | 1 2 3 |  3.1
Hexes          | 1 4 7 8 |  8.7
Air Magic      | 4 |  4.7
Spellcasting   | |  2.6

Action                   |  1- 3 |  4- 6 |  7- 9 | 10-12 || total
-------------------------+-------+-------+-------+-------++-------
Melee: Dagger            |    13 |       |       |       ||    13
       Unarmed           |     3 |       |       |       ||     3
       Short sword       |    24 |       |       |       ||    24
       Rapier            |    23 |   147 |   412 |   791 ||  1373
Throw: Tomahawk          |       |     3 |     1 |       ||     4
 Cast: Shock             |    30 |    27 |    89 |   102 ||   248
       Airstrike         |       |       |       |     2 ||     2
Invok: Shadow Step       |       |       |       |     2 ||     2
Evoke: Wand              |       |     1 |    11 |     1 ||    13
  Use: Potion            |     1 |     2 |       |     2 ||     5
       Scroll            |       |     5 |     3 |     7 ||    15
 Stab: Sleeping          |     4 |     4 |    18 |    37 ||    63
       Distracted        |       |       |       |     1 ||     1
  Eat: Fruit             |       |       |     3 |       ||     3
       Royal jelly       |       |       |     1 |       ||     1
       Bread ration      |       |       |       |     2 ||     2
Armor: Robe              |    12 |    17 |    16 |    29 ||    74
       Skin              |    11 |    11 |       |       ||    22
Dodge: Dodged            |    71 |   156 |   335 |   550 ||  1112

Table legend:
 A = Spawn XP
 B = Non-spawn XP
 C = Spawn XP percentage of total XP
 D = Spawn monster count
 E = Non-spawn monster count
 F = Spawn count percentage of total count
 G = Total turns spent on level
                    A         B        C        D         E        F      G
               +---------+---------+-------+---------+---------+-------+---------
         Total |       0 |   19966 |   0.0 |       0 |     250 |   0.0 |  7864
               +---------+---------+-------+---------+---------+-------+---------
           D:1 |       0 |      23 |   0.0 |       0 |      16 |   0.0 |   423
           D:2 |       0 |      49 |   0.0 |       0 |      13 |   0.0 |   335
           D:3 |       0 |      53 |   0.0 |       0 |      16 |   0.0 |   506
           D:4 |       0 |    1235 |   0.0 |       0 |      27 |   0.0 |   957
           D:5 |       0 |     144 |   0.0 |       0 |       5 |   0.0 |   634
           D:6 |       0 |     787 |   0.0 |       0 |      22 |   0.0 |   696
           D:7 |       0 |     831 |   0.0 |       0 |      18 |   0.0 |   523
           D:8 |       0 |    3634 |   0.0 |       0 |      26 |   0.0 |   585
           D:9 |       0 |    1103 |   0.0 |       0 |      24 |   0.0 |   566
          D:10 |       0 |    3125 |   0.0 |       0 |      29 |   0.0 |  1005
          D:11 |       0 |     797 |   0.0 |       0 |       6 |   0.0 |   363
          D:12 |       0 |    2229 |   0.0 |       0 |       9 |   0.0 |   300
          D:13 |       0 |    3613 |   0.0 |       0 |      14 |   0.0 |   313
          D:14 |       0 |    1128 |   0.0 |       0 |      13 |   0.0 |   279
           Lab |       0 |    1065 |   0.0 |       0 |       1 |   0.0 |    58
         Sewer |       0 |     150 |   0.0 |       0 |      11 |   0.0 |   287
               +---------+---------+-------+---------+---------+-------+---------
